 Dungeon Crawl Stone Soup version bcrawl-1.12-11-gb93c957c58 (webtiles) character file.

Game seed: 3619943721039080199

5859 Freyura the Covert (level 10, -6/69 HPs)
             Began as a Dusk Walker Gladiator on June 27, 2019.
             Was a Believer of Dithmenos.
             Mangled by an orc priest
             ... wielding a +0 hand axe
              (8 damage)
             ... on level 8 of the Dungeon.
             The game lasted 00:35:19 (6970 turns).

Freyura the Covert (Dusk Walker Gladiator)          Turns: 6970, Time: 00:35:20

Health: -6/69      AC: 12    Str: 15    XL:     10   Next: 52%
Magic:  13/13      EV: 25    Int:  7    God:    Dithmenos [**....]
Gold:   79         SH:  6    Dex: 30    Spells: 9/9 levels left

rFire    . . .     SeeInvis .   a - +4 rapier
rCold    . . .     Gourm    .   m - +0 buckler
rNeg     . . .     Faith    .   C - +2 robe {MR+}
rPois    .         Spirit   .   c - +2 helmet
rElec    +         Reflect  .   k - +0 cloak "Putzid" {*Corrode rElec Dex+9}
rCorr    .         Harm     .   o - +0 pair of gloves
MR       ++...     Rnd*Tele +   E - +0 pair of boots
Stlth    +++++++++.             (no amulet)
HPRegen  0.21/turn              r - +6 ring of evasion
MPRegen  0.13/turn              w - +4 ring of dexterity

@: wreathed by umbra
A: draining touch, unencumbered stealth, fangs 3, yellow scales 1, blink, dopey
1, nightstalker 1, teleportitis 1, sturdy frame 1
a: Blink, Shadow Step, Renounce Religion


You were on level 8 of the Dungeon.
You worshipped Dithmenos.
Dithmenos was pleased with you.
You were not hungry.

You visited 1 branch of the dungeon, and saw 8 of its levels.

You collected 518 gold pieces.
You spent 439 gold pieces at shops.

Inventory:

Hand Weapons
 a - a +4 rapier (weapon)
Missiles
 d - 3 throwing nets (quivered) {!f}
Armour
 c - a +2 helmet (worn)
 k - the +0 cloak "Putzid" (worn) {*Corrode rElec Dex+9}
   (You bought it in a shop on level 4 of the Dungeon)

   It affects your dexterity (+9).
   It insulates you from electricity.
   It may corrode you when you take damage.
 m - a +0 buckler (worn)
 o - a +0 pair of gloves (worn)
 C - a +2 robe of magic resistance (worn)
 E - a +0 pair of boots (worn)
Jewellery
 r - a +6 ring of evasion (left hand)
 w - a +4 ring of dexterity (right hand)
 x - a +3 ring of evasion
Wands
 s - a wand of disintegration (6)
 v - a wand of scattershot (13)
 y - a wand of flame (14)
Scrolls
 h - 5 scrolls of remove curse
 j - a scroll of blinking
 l - 3 scrolls of identify
 n - 7 scrolls of teleportation
 A - a scroll of fear
Potions
 e - 2 potions of brilliance {unknown}
 g - 3 potions of curing
 i - 3 potions of magic
 p - a potion of cancellation {unknown}
 q - 3 potions of degeneration {unknown}
 t - 3 potions of heal wounds {unknown}
 u - a potion of lignification {unknown}
 z - 4 potions of flight
 B - a potion of haste {unknown}
Comestibles
 f - 19 rations {!d}


   Skills:
 + Level 6.8 Fighting
 + Level 8.6 Short Blades
 - Level 1.5 Throwing
 + Level 7.1 Dodging
 * Level 12.5 Stealth
 + Level 1.0 Shields
 + Level 4.5 Invocations
 + Level 5.0 Evocations


You had 9 spell levels left.
You didn't know any spells.
Your spell library was empty.

Dungeon Overview and Level Annotations

Branches:
Dungeon (8/12)             Temple (0/1) D:6            Lair (0/6) D:7
    Orc: D:8-11

Altars:
Dithmenos
Gozag
Kikubaaqudgha

Shops:
D:4 [   D:5 =   D:6 (   D:7 [


Innate Abilities, Weirdness & Mutations

Your attacks drain your enemies.
You move stealthily even while encumbered by armour.
You have razor-sharp teeth.
You are slightly more attuned to the shadows.
You are partially covered in yellow scales. (AC +2)
You can translocate small distances at will.
You are dopey. (Int -2)
You are occasionally teleported next to monsters.
Your movements are slightly less encumbered by armour. (ER -2)


Message History

The orc warrior is severely wounded.
The orc priest mumbles some strange prayers to Beogh against you.
Beogh smites you!
* * * LOW HITPOINT WARNING * * *
The orc warrior closely misses you.
You hit the orc warrior. You drain the orc warrior.
The orc warrior is severely wounded.
You puncture the orc warrior!
You kill the orc warrior!
Dithmenos accepts your kill.
Your Shields skill increases to level 1!
The orc priest calls down the wrath of Beogh upon you.
Beogh smites you!
* * * LOW HITPOINT WARNING * * *
All of the chunks of flesh in your inventory have rotted away.
You puncture the orc!
You kill the orc!
Dithmenos accepts your kill.
The orc priest hits you with a +0 hand axe!
You die...

##########
.........#
...[.....#
.........###
.)......oo.#
.....!#..#@#
#######
.!....#..#.#
#[.....
..o......#.#
#......
##########.#
#...... ..#
###...# .##
#.#.. #.
#.##) #.
##.##. ###
##..##)


You could see an orc priest and an orc.

Vanquished Creatures
  A hydra (D:7)
  Psyche (D:8)
  Pikel (D:6)
  A gargoyle (D:7)
  A komodo dragon (D:7)
  A hippogriff (D:7)
  A hungry ghost (D:5)
  A water moccasin (D:8)
  A sky beast (D:6)
  8 orc warriors
  2 ogres
  7 centaurs
  3 bullfrogs
  Blork the orc (D:4)
  2 gnoll sergeants
  A wyvern skeleton (D:6)
  3 wights (D:8)
  A howler monkey (D:7)
  A centaur zombie (D:5)
  2 crimson imps
  5 hounds
  A jelly (D:7)
  2 orc priests
  7 orc wizards
  6 worker ants
  A hound zombie (D:6)
  A hound skeleton (D:3)
  8 gnolls
  6 adders
  A shadow imp (D:5)
  4 worms
  4 dart slugs
  5 leopard geckos
  29 orcs
  2 giant cockroaches
  8 goblins
  14 hobgoblins
  11 jackals
  10 kobolds
  5 quokkas
  5 bats
  7 frilled lizards
  A jackal skeleton (D:5)
  A quokka skeleton (D:6)
  7 rats
191 creatures vanquished.

Vanquished Creatures (others)
  A slave (D:6)
  An orc priest (D:6)
  2 kobolds (D:6)
  10 plants (D:7)
14 creatures vanquished.

Grand Total: 205 creatures vanquished

Notes
Turn   | Place    | Note
-------+----------+-------------------------------------------
     0 | D:1      | Freyura the Dusk Walker Gladiator began the quest for the
                  | Orb.
     0 | D:1      | Reached XP level 1. HP: 14/14 MP: 1/1
    47 | D:1      | Reached skill level 1 in Stealth
   254 | D:1      | Reached XP level 2. HP: 19/19 MP: 2/2
   787 | D:1      | Reached XP level 3. HP: 25/25 MP: 3/3
   792 | D:1      | Reached skill level 2 in Stealth
  1362 | D:3      | Gained mutation: You are slightly more attuned to the
                  | shadows. [Dusk Walker growth]
  1362 | D:3      | Reached XP level 4. HP: 16/30 MP: 4/4
  1406 | D:3      | Reached skill level 3 in Stealth
  1753 | D:3      | Reached XP level 5. HP: 36/36 MP: 5/5
  2493 | D:4      | Noticed Blork the orc
  2505 | D:4      | Killed Blork the orc
  2505 | D:4      | Reached skill level 5 in Short Blades
  2505 | D:4      | Reached skill level 4 in Stealth
  2565 | D:4      | Reached XP level 6. HP: 31/42 MP: 6/6
  2669 | D:4      | Found a shadowy altar of Dithmenos.
  2677 | D:4      | Became a worshipper of Dithmenos the Shadowed
  2679 | D:4      | Found Qaothut's Armour Boutique.
  2703 | D:4      | Reached skill level 5 in Stealth
  2721 | D:4      | Reached XP level 7. HP: 7/48 MP: 7/7
  3030 | D:4      | Gained mutation: Your mind is acute. (Int +2) [potion of
                  | mutation]
  3030 | D:4      | Gained mutation: You are frail. (-10% HP) [potion of
                  | mutation]
  3030 | D:4      | Gained mutation: You are partially covered in yellow
                  | scales. (AC +2) [potion of mutation]
  3030 | D:4      | Gained mutation: You can translocate small distances at
                  | will. [potion of mutation]
  3067 | D:4      | Lost mutation: You are frail. (-10% HP) [potion of
                  | mutation]
  3067 | D:4      | Lost mutation: You can translocate small distances at will.
                  | [potion of mutation]
  3067 | D:4      | Lost mutation: Your mind is acute. (Int +2) [potion of
                  | mutation]
  3067 | D:4      | Gained mutation: You are occasionally teleported next to
                  | monsters. [potion of mutation]
  3067 | D:4      | Gained mutation: You are dopey. (Int -2) [potion of
                  | mutation]
  3067 | D:4      | Gained mutation: Your movements are slightly less
                  | encumbered by armour. (ER -2) [potion of mutation]
  3067 | D:4      | Gained mutation: You can translocate small distances at
                  | will. [potion of mutation]
  3363 | D:5      | Entered Level 5 of the Dungeon
  3376 | D:5      | Found Ninerhuiz's Jewellery Shop.
  3454 | D:5      | Noticed a hungry ghost
  3481 | D:5      | Killed a hungry ghost
  3481 | D:5      | Reached skill level 5 in Dodging
  3481 | D:5      | Reached skill level 6 in Stealth
  3481 | D:5      | Reached skill level 1 in Evocations
  3585 | D:5      | Reached skill level 1 in Invocations
  3949 | D:5      | Reached skill level 7 in Stealth
  4222 | D:5      | Gained mutation: You have razor-sharp teeth. [Dusk Walker
                  | growth]
  4222 | D:5      | Reached XP level 8. HP: 52/54 MP: 9/9
  4242 | D:5      | Found an ancient bone altar of Kikubaaqudgha.
  4367 | D:6      | Found a staircase to the Ecumenical Temple.
  4368 | D:6      | Reached * piety under Dithmenos
  4452 | D:6      | Found Cetoczuo's Weapon Shop.
  4486 | D:6      | Reached skill level 8 in Stealth
  4508 | D:6      | Reached skill level 5 in Fighting
  4629 | D:6      | Noticed Pikel
  4665 | D:6      | Killed Pikel
  4665 | D:6      | Reached skill level 9 in Stealth
  4681 | D:6      | Reached XP level 9. HP: 61/61 MP: 11/11
  5269 | D:4      | Bought the +0 cloak "Putzid" {*Corrode rElec Dex+9} for 381
                  | gold pieces
  5333 | D:7      | Found an opulent altar of Gozag.
  5372 | D:7      | Reached skill level 10 in Stealth
  5459 | D:7      | Reached ** piety under Dithmenos
  5528 | D:7      | Noticed a four-headed hydra
  5562 | D:7      | Killed a four-headed hydra
  5562 | D:7      | Reached skill level 11 in Stealth
  5814 | D:7      | Noticed a gargoyle
  5846 | D:7      | HP: 3/93 [gargoyle/+0 dire flail (21)]
  5850 | D:7      | Killed a gargoyle
  5850 | D:7      | Reached XP level 10. HP: 4/69 MP: 13/13
  6267 | D:7      | Found a staircase to the Lair.
  6369 | D:7      | Found Voklu's Armour Boutique.
  6376 | D:7      | Bought a +0 pair of gloves for 58 gold pieces
  6531 | D:8      | Noticed Psyche
  6533 | D:8      | Killed Psyche
  6533 | D:8      | Reached skill level 12 in Stealth
  6791 | D:8      | Reached skill level 5 in Evocations
  6968 | D:8      | Reached skill level 1 in Shields
  6968 | D:8      | HP: 2/69 [orc priest/divine providence (11)]
  6970 | D:8      | Mangled by an orc priest

Skill      XL: |  1  2  3  4  5  6  7  8  9 10 |
---------------+-------------------------------+-----
Stealth        | 1 2 3 4 5 7 9 11 12 | 12.5
Short Blades   | 4 5 6 7 8 |  8.6
Fighting       | 3 4 5 6 |  6.8
Dodging        | 4 5 6 7 |  7.1
Evocations     | 1 3 4 5 |  5.0
Invocations    | 1 2 4 |  4.5
Shields        | 1 |  1.0
Throwing       | |  1.5

Action                   |  1- 3 |  4- 6 |  7- 9 | 10-12 || total
-------------------------+-------+-------+-------+-------++-------
Melee: Rapier            |    94 |   144 |   311 |   100 ||   649
       Bite              |     7 |     7 |    52 |    22 ||    88
  Use: Scroll            |     2 |     7 |     7 |     3 ||    19
       Potion            |       |       |     5 |       ||     5
 Stab: Sleeping          |     4 |    12 |    23 |     6 ||    45
       Distracted        |       |     1 |     1 |     1 ||     3
  Eat: Chunk             |     1 |     5 |    13 |     3 ||    22
Armor: Leather armour    |    13 |    18 |       |       ||    31
       Robe              |       |     8 |    26 |     4 ||    38
Dodge: Dodged            |    46 |   129 |   314 |    55 ||   544
Block: Buckler           |       |       |       |    13 ||    13
